 Dungeon Crawl Stone Soup version 0.28-a0-10-g964c8b829e (webtiles) character file.

Game seed: 491732889677953442

154 Lekart the Skirmisher (level 5, -1/46 HPs)
             Began as a Draconian Chaos Knight on July 25, 2021.
             Was a Plaything of Xom.
             Slain by an ice beast (9 damage)
             ... on level 3 of the Dungeon.
             The game lasted 00:01:53 (1862 turns).

Lekart the Skirmisher (Draconian Chaos Knight)      Turns: 1862, Time: 00:01:54

Health: -1/46      AC:  6    Str: 16    XL:     5   Next: 13%
Magic:  7/7        EV: 12    Int: 12    God:    Xom [..*...]
Gold:   172        SH:  0    Dex: 10    Spells: 7/7 levels left

rFire   . . .      SeeInvis .   g - +5 dagger (freeze)
rCold   . . .      Faith    .   (no shield)
rNeg    . . .      Spirit   .   (armour unavailable)
rPois   .          Reflect  .   (helmet restricted)
rElec   .          Harm     .   (no cloak)
rCorr   .          Rampage  .   f - +0 pair of gloves
Will    .....                   (no boots)
Stlth   +.........              (no amulet)
HPRegen 0.15/turn               (no ring)
MPRegen 0.10/turn               (no ring)

@: slowed, very slow
A: AC +5, unfitting armour, cold-blooded
a: Renounce Religion


You were on level 3 of the Dungeon.
You worshipped Xom.
You were a toy of Xom.
You visited 1 branch of the dungeon, and saw 3 of its levels.

You collected 172 gold pieces.

Inventory:

Hand Weapons
 a - a +0 falchion of chaos
 g - a +5 dagger of freezing (weapon)
Armour
 f - a +0 pair of gloves (worn)
Jewellery
 b - a ring of poison resistance
 c - a ring of flight
 e - a ring of protection from fire
Scrolls
 h - a scroll of vulnerability {unknown}
 i - 2 scrolls of identify {unknown}
 j - a scroll of amnesia {unknown}
Potions
 d - a potion of curing {unknown}


   Skills:
 + Level 4.3 Fighting
 + Level 0.6(2.6) Short Blades
 + Level 4.1 Long Blades
 + Level 2.8 Dodging
 * Level 1.7 Spellcasting


You had 7 spell levels left.
You didn't know any spells.
Your spell library contained the following spells:

 Spells                   Type           Power      Damage    Failure   Level
 Sting                    Tmut/Pois      4%         1d3       28%         1
 Poisonous Vapours        Pois/Air       2%         N/A       38%         2
 Olgreb's Toxic Radiance  Pois           1%         N/A       95%         4


Dungeon Overview and Level Annotations

Branches:
Dungeon (3/15)

Altars:

Shops:
D:3 [


Innate Abilities, Weirdness & Mutations

Your plain brown scales are hard. (AC +5)
You cannot fit into any form of body armour.
You are cold-blooded and may be slowed by cold attacks.


Message History

The ice beast is lightly wounded.
The ice beast hits you but does no damage.
The frilled lizard closely misses you.
You hit the ice beast.
The ice beast is moderately wounded.
The ice beast hits you but does no damage.
The frilled lizard misses you.
You hit the ice beast but do no damage.
The ice beast is moderately wounded.
The ice beast closely misses you.
The frilled lizard bites you but does no damage.
You hit the ice beast but do no damage.
The ice beast is moderately wounded.
The ice beast hits you. The ice beast freezes you!
You feel yourself slow down. The frilled lizard bites you.
You hit the ice beast.
Your tail-slap misses the ice beast.
The ice beast is heavily wounded.
The ice beast barely misses you. The frilled lizard bites you.
You hit the ice beast.
You tail-slap the ice beast, but do no damage.
The ice beast is heavily wounded.
You feel yourself speed up. The ice beast hits you. The ice beast freezes you.
The frilled lizard misses you.
You are too injured to fight recklessly!
You are too injured to fight recklessly!
The frilled lizard bites you but does no damage.
You closely miss the frilled lizard. The frilled lizard barely misses you.
You hit the ice beast.
The ice beast is heavily wounded.
The frilled lizard bites you but does no damage.
The ice beast hits you. The ice beast freezes you!
* * * LOW HITPOINT WARNING * * *
You hit the ice beast.
The ice beast is severely wounded.
The frilled lizard closely misses you. The ice beast hits you.
* * * LOW HITPOINT WARNING * * *
The ice beast freezes you!
You feel yourself slow down.
You die...
Xom snickers!

#..... #.... ....
######.####
#.........#
#.....<..∩#
#...[.....#
#.........######.
######.#@........
####+#lY.......
#.$............
#.....########+
#........
#.........#
#.........#
#.........).
#.........###


You could see an ice beast and a frilled lizard.

Vanquished Creatures
  Jessica (D:2)
  Terence (D:2)
  Natasha (thrice) (D:2)
  A dart slug (D:1)
  3 ball pythons
  6 goblins
  2 hobgoblins (D:2)
  5 jackals
  A kobold (D:2)
  A quokka (D:2)
  A bat (D:2)
  3 frilled lizards
  2 rats (D:2)
30 creatures vanquished.

Notes
Turn   | Place    | Note
-------+----------+-------------------------------------------
     0 | D:1      | Lekart the Draconian Chaos Knight began the quest for the
                  | Orb.
     0 | D:1      | Reached XP level 1. HP: 19/19 MP: 1/1
   527 | D:1      | Found a faded altar of an unknown god.
   536 | D:1      | Reached XP level 2. HP: 26/26 MP: 2/2
   828 | D:2      | Noticed Jessica
   836 | D:2      | Killed Jessica
   837 | D:2      | Reached skill level 1 in Spellcasting
   837 | D:2      | Reached XP level 3. HP: 7/33 MP: 2/4
  1102 | D:2      | Noticed Natasha
  1108 | D:2      | Killed Natasha
  1109 | D:2      | Reached XP level 4. HP: 22/40 MP: 5/5
  1273 | D:2      | XOM is BORED!
  1273 | D:2      | XOM: 4-stop teleportation journey
  1273 | D:2      | Noticed Natasha
  1277 | D:2      | Killed Natasha
  1277 | D:2      | Noticed Natasha
  1286 | D:2      | Killed Natasha
  1477 | D:2      | Noticed Terence
  1486 | D:2      | Killed Terence
  1487 | D:2      | Reached XP level 5. HP: 41/46 MP: 7/7
  1838 | D:3      | Found Awkor's Antique Armour Emporium.
  1845 | D:3      | Noticed an ice beast
  1862 | D:3      | Slain by an ice beast

Illustrated notes

Levels and vault maps discovered:
D:1:      matt_arrival_diagonals, layout_basic,
          dreamdust_ecumenical_altar_statues, glass_columns_a
D:2:      layout_basic, uniq_natasha, uniq_jessica, uniq_terence
D:3:      layout_basic, serial_shops, shop, kennysheep_generic_room_14,
          uniq_sigmund

Skill      XL: |  1  2  3  4 |
---------------+-------------+-----
Spellcasting   | 1 |  1.7
Fighting       | 4 |  4.3
Long Blades    | 4 |  4.1
Short Blades   | |  0.6
Dodging        | |  2.8

Action                   |  1- 3 |  4- 6 || total
-------------------------+-------+-------++-------
Melee: Falchion          |    39 |       ||    39
       Tailslap          |     3 |     4 ||     7
       Dagger            |     3 |    41 ||    44
Armor: Skin              |    15 |     9 ||    24
Dodge: Dodged            |    34 |    29 ||    63
       Rpst.: Falchion   |    10 |       ||    10

Table legend: (Time is in decaauts)
 A = Elapsed time spent in this place.
 B = Non-inter-level travel time spent in this place.
 C = Inter-level travel time spent in this place.
 D = Time resting spent in this place.
 E = Time spent auto-exploring this place.
 F = Levels seen in this place.
 G = Mean time per level.
                   A        B        C        D        E       F      G
               +--------+--------+--------+--------+--------+-----+--------+
         Total |   1865 |   1811 |     54 |    235 |   1383 |   3 |  621.7 |
       Dungeon |   1865 |   1811 |     54 |    235 |   1383 |   3 |  621.7 |
               +--------+--------+--------+--------+--------+-----+--------+

Top non-repeatable levels by time:
     D:2: 1092 daAuts
     D:1: 749 daAuts
     D:3: 23 daAuts
